 Dungeon Crawl Stone Soup version 0.23.1 (webtiles) character file.

Game seed: 0

203795 zedzed the Crack Shot (level 17, -2/149 HPs)
             Began as a Centaur Hunter on Mar 9, 2019.
             Was the Champion of Okawaru.
             Slain by a large abomination (24 damage)
             ... on level 3 of the Abyss.
             The game lasted 03:17:03 (42347 turns).

zedzed the Crack Shot (Centaur Hunter)             Turns: 42347, Time: 03:17:04

Health: -2/149     AC: 34    Str: 22    XL:     17   Next: 99%
Magic:  18/18      EV:  9    Int:  8    God:    Okawaru [******]
Gold:   460        SH:  2    Dex: 10    Spells: 16/16 levels left

rFire    + . .     SeeInvis .   m - +2 longbow (freeze)
rCold    . . .     Gourm    .   (shield currently unavailable)
rNeg     + . .     Faith    .   t - +1 pearl dragon scales
rPois    +         Spirit   .   K - +2 helmet
rElec    .         Reflect  +   p - +2 cloak {rPois}
rCorr    .         Harm     .   U - +2 pair of gloves
MR       +....     Rnd*Rage +   H - +1 centaur barding {rF+}
Stlth    ..........             h - +2 amulet of reflection
HPRegen  0.34/turn              N - +1 ring of slaying
MPRegen  0.16/turn              j - +4 ring of protection

@: very quick
A: large, hooves 3, berserk 1, [blurry vision 2], deformed body, [deterioration
1], [dopey 1], speed 2, [frail 1], [low mp 2], [screaming 2], tough skin 3, [no
potion heal 2], [subdued magic 3]
}: 1/15 runes: serpentine
a: Heroism, Finesse, Renounce Religion


You were on level 3 of the Abyss.
You worshipped Okawaru.
Okawaru was exalted by your worship.
You were not hungry.

You visited 6 branches of the dungeon, and saw 30 of its levels.
You visited the Abyss 1 time.
You visited 1 bazaar.
You also visited: Bailey.

You collected 3212 gold pieces.
You spent 2752 gold pieces at shops.

Inventory:

Hand Weapons
 e - a +4 longbow
 m - a +2 longbow of freezing (weapon)
 q - the +7 shortbow of Rubbish {velocity, rElec Dex+6}
   (Okawaru gifted it to you on level 2 of the Shoals)

   Any arrow fired from it inflicts extra damage.
   It affects your dexterity (+6).
   It insulates you from electricity.
 G - a +1 long sword of holy wrath
 V - the +12 glaive of Prune {chop}
   (You found it on level 10 of the Dungeon)

   It inflicts extra damage upon your enemies.
Missiles
 d - 560 arrows (quivered)
Armour
 a - a scarf of resistance
 l - the +0 leather armour of the Valley {+Blink Int+3}
   (You found it on level 2 of the Snake Pit)

   It affects your intelligence (+3).
   It lets you blink.
 p - a +2 cloak of poison resistance (worn)
 s - the +3 leather armour "Vedajes" {rF++ rN+}
   (You bought it in a shop on level 2 of the Orcish Mines)

   It greatly protects you from fire.
   It protects you from negative energy.
 t - +1 pearl dragon scales (worn)
 F - +0 ice dragon scales
 H - a +1 centaur barding of fire resistance (worn)
 K - a +2 helmet (worn)
 O - +2 fire dragon scales
 U - a +2 pair of gloves (worn)
Jewellery
 c - the ring of Emnuc {rN+ Str+2}
   (You acquired it on level 2 of the Snake Pit)

   [ring of positive energy]

   It affects your strength (+2).
   It protects you from negative energy.
 h - a +2 amulet of reflection (around neck)
 j - a +4 ring of protection (right hand)
 C - a +3 ring of dexterity {unknown}
 N - a +1 ring of slaying (left hand)
 Q - an uncursed ring of protection from cold
 X - a +3 ring of protection
 Z - an uncursed ring of see invisible
Wands
 n - a wand of disintegration (37)
 R - a wand of digging (5)
Scrolls
 b - 2 scrolls of fog
 g - 15 scrolls of teleportation
 o - 3 scrolls of enchant weapon
 u - 19 scrolls of remove curse
 w - 6 scrolls of magic mapping
 x - 5 scrolls of identify
 y - 5 scrolls of fear
 z - 3 scrolls of enchant armour
 B - a scroll of blinking
 L - a scroll of holy word
Potions
 i - 3 potions of flight
 k - 3 potions of resistance
 r - 4 potions of brilliance
 v - a potion of berserk rage
 A - 6 potions of haste
 D - 3 potions of heal wounds
 E - 7 potions of agility
 J - a potion of cancellation
 M - 6 potions of might
 P - 3 potions of ambrosia
 S - 2 potions of invisibility
 T - 6 potions of curing
Miscellaneous
 I - a phial of floods
Comestibles
 f - 35 rations


   Skills:
 + Level 18.8 Fighting
 - Level 23.4 Bows
 - Level 10.1 Armour
 - Level 8.1 Dodging
 - Level 0.4 Stealth
 + Level 8.6 Invocations


You had 16 spell levels left.
You didn't know any spells.
Your spell library contained the following spells:

 Spells                   Type           Power        Failure   Level  Hunger
 Animate Skeleton         Necr           N/A          63%         1    ##.....
 Beastly Appendage        Tmut           #.....       63%         1    ##.....
 Flame Tongue             Conj/Fire      #....        63%         1    ##.....
 Infusion                 Chrm           #...         63%         1    ##.....
 Pain                     Necr           #...         63%         1    ##.....
 Sting                    Conj/Pois      #...         63%         1    ##.....
 Summon Small Mammal      Summ           #...         63%         1    ##.....
 Call Imp                 Summ           #.......     77%         2    ###....
 Passwall                 Tmut/Erth      #.......     77%         2    ###....
 Poisonous Vapours        Pois/Air       #.....       77%         2    ###....
 Shroud of Golubria       Chrm/Tloc      #.........   77%         2    ###....
 Song of Slaying          Chrm           #.......     77%         2    ###....
 Sticks to Snakes         Tmut           #.......     77%         2    ###....
 Throw Flame              Conj/Fire      #.....       77%         2    ###....
 Call Canine Familiar     Summ           #.......     95%         3    ####...
 Conjure Flame            Conj/Fire      #.......     95%         3    ####...
 Ignite Poison            Fire/Tmut/Pois #.......     95%         3    ####...
 Inner Flame              Hex/Fire       #.......     95%         3    ####...
 Mephitic Cloud           Conj/Pois/Air  #.......     95%         3    ####...
 Regeneration             Chrm/Necr      #.........   95%         3    ####...
 Spectral Weapon          Hex/Chrm       #.......     95%         3    ####...
 Spider Form              Tmut/Pois      #.........   95%         3    ####...
 Summon Guardian Golem    Hex/Summ       #.......     95%         3    ####...
 Vampiric Draining        Necr           #.........   95%         3    ####...
 Animate Dead             Necr           N/A          100%        4    #####..
 Ice Form                 Ice/Tmut       #.......     100%        4    #####..
 Olgreb's Toxic Radiance  Pois           #.......     100%        4    #####..
 Sticky Flame             Conj/Fire      #.......     100%        4    #####..
 Summon Ice Beast         Ice/Summ       #.......     100%        4    #####..
 Summon Lightning Spire   Summ/Air       #.......     100%        4    #####..
 Blade Hands              Tmut           #.........   100%        5    ######.
 Fireball                 Conj/Fire      #.........   100%        5    ######.
 Venom Bolt               Conj/Pois      #.........   100%        5    ######.
 Statue Form              Tmut/Erth      #........    100%        6    #######
 Haunt                    Necr/Summ      #.........   100%        7    #######
 Borgnjor's Revivificati  Necr           #.........   100%        8    #######
 Death's Door             Chrm/Necr      #.........   100%        8    #######
 Infestation              Necr           #.........   100%        8    #######
 Necromutation            Tmut/Necr      #.........   100%        8    #######


Dungeon Overview and Level Annotations

Branches:
Dungeon (15/15)            Temple (1/1) D:7            Lair (6/6) D:8
 Shoals (2/4) Lair:2        Snake (4/4) Lair:4        Slime (0/5) Lair:5
    Orc (2/2) D:9             Elf (0/3) Orc:2        Vaults (0/5) D:13
 Depths (0/5) D:15

Altars:
Ashenzari
Cheibriados
Dithmenos
Fedhas
Gozag
Hepliaklqana
Kikubaaqudgha
Makhleb
Nemelex Xobeh
Okawaru
Qazlal
Ru
Sif Muna
Trog
Uskayaw
Vehumet
Wu Jian
Xom
Yredelemnul
The Shining One
Beogh

Shops:
D:12 (   Orc:2 [*:(   Snake:2 [   Snake:4 (

Annotations:
D:15 1 runed translucent door, HEYYEYAAE's ghost, adept OpHu
Lair:5 2 transporters, Ruewk's ghost, journeyman CeAM
Shoals:2 1 runed translucent door, Louise; grocchini's ghost, adept VSFi


Innate Abilities, Weirdness & Mutations

You have hooves in place of feet.
Armour fits poorly on your strangely shaped body.
You cover ground very quickly.
You have extremely tough skin. (AC +3)
You tend to lose your temper in combat.
[Scrolls take you longer to read.]
[Your body sometimes deteriorates upon taking damage.]
[You are dopey. (Int -2)]
[You are frail. (-10% HP)]
[Your magical capacity is very low. (-20% MP)]
[You sometimes yell uncontrollably at your foes.]
[Potions are poor at restoring your health.]
[Your spells are much easier to cast, but much less powerful.]


Message History

A chorus of shrieks assaults your mind.
* * * LOW HITPOINT WARNING * * *
The wretched star glows turbulently.
The orb of energy hits you but does no damage.
Firing (i - inventory)
d - 560 arrows (quivered)
Press: ? - help, Shift-Dir - straight line, f/p - wretched star
Aim: a wretched star
Okay, then.
You fail to use your ability.
You fail to use your ability.
You are suddenly pulled into a different region of the Abyss!
Found a scroll of holy word.
Found 22 stones.
L - a scroll of holy word You start resting.
A tentacled starspawn comes into view.
Your magical contamination has completely faded away.
A large abomination comes into view.
The large abomination hits you!!
You die...

. #..#.#### #
#.# ..# ...#
#.. ###.#.#..#
#..##..#.#...#
...###..#. .#
##..##.##. ..
##....#..#..
#.#
..#..#...###..
.
.......@#...#.
.#..##..X.....#
# #.#...###..
.# ..... #.
..##... .. #.#
... ## #. .. ..


You could see a large abomination.

Vanquished Creatures
  Bai Suzhen (Snake:3)
  Vashnia (Snake:3)
  A tentacled starspawn (Abyss:3)
  Kirke (Shoals:2)
  Donald (Snake:2)
  Roxanne (D:15)
  11 nagarajas
  2 orc warlords
  Aizul (Snake:1)
  A reaper (Abyss:3)
  A merfolk javelineer (Shoals:2)
  3 vault guards (D:13)
  8 hydras
  11 naga warriors
  25 anacondas
  The ghost of totalnoob the Protected, a journeyman GrFi of Okawaru (Orc:2)
  3 centaur warriors (D:14)
  A queen ant (Lair:3)
  4 two-headed ogres
  An ogre mage (D:14)
  3 orc high priests (Orc:2)
  18 naga sharpshooters
  2 thrashing horrors (Abyss:3)
  Nergalle (Lair:1)
  4 shock serpents
  Sonja (Lair:3)
  12 spriggans (Lair:6)
  A wretched star (Abyss:3)
  A sixfirhy (Abyss:3)
  A sea snake (Shoals:2)
  4 salamander mystics
  An unseen horror (shapeshifter) (D:15)
  5 naga ritualists
  A wizard (D:15)
  4 harpies (Shoals:1)
  7 orc knights
  Pikel (D:9)
  A lindwurm (Lair:6)
  2 deep elf magi
  A necromancer (D:15)
  8 mana vipers
  5 orc sorcerers
  A faun (Shoals:1)
  4 ugly things
  4 cyclopes
  15 salamanders
  4 manticores
  2 large abominations (Abyss:3)
  9 guardian serpents
  37 black mambas
  4 elephants (Lair:6)
  4 centaur zombies
  2 merfolk sirens
  16 naga magi
  2 smoke demons (Abyss:3)
  A torpor snail (Lair:4)
  A gargoyle (D:13)
  9 spiny frogs
  A rime drake (Lair:4)
  A demonic crawler (Abyss:3)
  A freezing wraith (D:13)
  10 komodo dragons
  A harpy zombie (Shoals:2)
  3 meliai (D:15)
  7 trolls
  A wind drake (Shoals:1)
  7 polar bears
  5 hornets (Lair:6)
  5 blink frogs
  4 merfolk
  Prince Ribbit (D:8)
  3 snapping turtles
  8 hippogriffs
  15 dream sheep
  47 yaks
  2 shadows
  A ynoxinul (Abyss:3)
  A water elemental (Shoals:1)
  Sigmund (D:3)
  4 wyverns
  A basilisk (Lair:6)
  A vampire (D:12)
  A wraith (D:12)
  A chaos spawn (Abyss:3)
  5 hogs (Shoals:2)
  7 humans (D:13)
  6 neqoxecs (Orc:2)
  2 hungry ghosts
  3 vampire mosquitoes (D:14)
  Menkaure (D:7)
  A steam dragon (D:11)
  20 soldier ants (Lair:3)
  5 wargs
  48 nagas
  7 water moccasins
  An acid dragon (D:11)
  48 orc warriors
  9 porcupines
  2 sky beasts
  5 ice beasts
  2 small abominations (Abyss:3)
  8 black bears
  13 ogres
  A phantom (D:7)
  4 boggarts (Lair:6)
  An eye of draining (D:12)
  27 centaurs
  30 wolves
  10 crocodiles
  A hippogriff zombie (Shoals:2)
  4 big kobolds (D:10)
  12 bullfrogs
  A wyvern skeleton (D:9)
  3 scorpions
  6 killer bees (D:8)
  13 wights
  3 electric eels
  6 crimson imps
  A starcursed mass (Abyss:3)
  5 quasits
  5 jellies
  2 bullfrog skeletons
  5 centaur skeletons
  2 bullfrog zombies
  16 orc priests
  A gnoll shaman (Orc:1)
  8 hounds
  Crazy Yiuf (D:4)
  Ijyb (D:4)
  Natasha (twice) (D:3)
  21 orc wizards
  4 iguanas
  28 worker ants
  A killer bee zombie (D:8)
  A hound skeleton (D:4)
  A worker ant zombie (D:5)
  Robin (D:4)
  13 gnolls
  13 adders
  7 shadow imps
  2 oozes
  An adder skeleton (D:8)
  An adder zombie (D:8)
  2 worms
  3 dart slugs (D:1)
  7 leopard geckos
  123 orcs
  4 ball pythons
  13 bats
  4 giant cockroaches
  19 goblins
  16 hobgoblins
  5 jackals (D:2)
  20 kobolds
  A quokka (D:2)
  9 frilled lizards
  A giant cockroach zombie (D:6)
  A leopard gecko skeleton (D:5)
  2 quokka zombies
  22 rats
  A plant (Lair:5)
1122 creatures vanquished.

Vanquished Creatures (others)
  A vault guard (D:13)
  2 harpy zombies (Shoals:2)
  A human (D:13)
  A naga (Snake:4)
  2 bushes (Abyss:3)
  14 fungi
  11 plants
  9 starspawn tentacles (Abyss:3)
41 creatures vanquished.

Grand Total: 1163 creatures vanquished

Notes
Turn   | Place    | Note
-------+----------+-------------------------------------------
     0 | D:1      | zedzed the Centaur Hunter began the quest for the Orb.
     0 | D:1      | Reached XP level 1. HP: 17/17 MP: 1/1
   152 | D:1      | Reached XP level 2. HP: 17/25 MP: 2/2
   484 | D:1      | Reached skill level 6 in Bows
   534 | D:1      | Reached XP level 3. HP: 26/30 MP: 3/3
  1203 | D:1      | Found a radiant altar of Vehumet.
  2022 | D:2      | Reached XP level 4. HP: 35/38 MP: 4/4
  2673 | D:4      | Noticed Ijyb
  2710 | D:4      | Killed Ijyb
  2793 | D:4      | Reached skill level 7 in Bows
  2793 | D:4      | Reached XP level 5. HP: 46/46 MP: 5/5
  2888 | D:4      | Noticed Robin
  2908 | D:4      | Killed Robin
  3395 | D:4      | Reached XP level 6. HP: 40/53 MP: 6/6
  3627 | D:4      | Found a runed translucent door.
  3628 | D:4      | Noticed Crazy Yiuf
  3928 | D:5      | Entered Level 5 of the Dungeon
  4094 | D:5      | Reached skill level 8 in Bows
  4097 | D:5      | Reached skill level 5 in Fighting
  4507 | D:5      | Reached XP level 7. HP: 56/61 MP: 7/7
  4829 | D:5      | Reached skill level 9 in Bows
  5783 | D:6      | Reached skill level 10 in Bows
  5785 | D:6      | Reached XP level 8. HP: 71/71 MP: 8/8
  6699 | D:7      | Noticed Menkaure
  6790 | D:7      | Killed Menkaure
  6790 | D:7      | Reached skill level 11 in Bows
  6995 | D:7      | Found a staircase to the Ecumenical Temple.
  7001 | Temple   | Entered the Ecumenical Temple
  7051 | Temple   | Became a worshipper of Warmaster Okawaru
  7346 | D:3      | Noticed Natasha
  7354 | D:3      | Killed Natasha
  7451 | D:3      | Noticed Sigmund
  7531 | D:3      | Killed Sigmund
  7833 | D:3      | Noticed Natasha
  7845 | D:3      | Killed Natasha
  8029 | D:4      | Killed Crazy Yiuf
  8684 | D:8      | Reached XP level 9. HP: 50/82 MP: 9/9
  8842 | D:7      | Reached skill level 12 in Bows
  8898 | D:8      | Reached * piety under Okawaru
  9042 | D:8      | Reached skill level 1 in Armour
  9060 | D:8      | Noticed Prince Ribbit
  9223 | D:8      | Killed Prince Ribbit
  9440 | D:8      | Reached skill level 13 in Bows
  9516 | D:8      | Found a stormy altar of Qazlal.
  9665 | D:8      | Found a staircase to the Lair.
  9883 | D:8      | Reached skill level 1 in Invocations
 10007 | D:8      | Got a sheer robe
 10018 | D:8      | Identified the cursed +1 robe of Hangman {rN+ Str+3} (You
                  | found it on level 8 of the Dungeon)
 10139 | D:8      | Reached ** piety under Okawaru
 10348 | D:9      | Found a staircase to the Orcish Mines.
 10562 | D:9      | Reached XP level 10. HP: 85/91 MP: 11/11
 10753 | D:9      | Noticed Pikel
 10804 | D:9      | Killed Pikel
 10804 | D:9      | Reached skill level 14 in Bows
 11166 | D:9      | Found a roughly hewn altar of Beogh.
 11504 | D:9      | Reached *** piety under Okawaru
 11819 | D:10     | Entered Level 10 of the Dungeon
 11973 | D:10     | Received a gift from Okawaru
 12204 | D:10     | Reached skill level 5 in Invocations
 12395 | D:10     | Noticed a three-headed hydra
 12396 | D:10     | Found the +12 glaive of Prune {chop}
 12446 | D:10     | Killed a three-headed hydra
 12446 | D:10     | Reached **** piety under Okawaru
 12446 | D:10     | Reached skill level 10 in Fighting
 12951 | D:10     | Received a gift from Okawaru
 13363 | D:11     | Reached XP level 11. HP: 101/101 MP: 15/15
 13727 | D:11     | Received a gift from Okawaru
 13902 | D:11     | Noticed a cyan ugly thing
 13930 | D:11     | Killed a cyan ugly thing
 14541 | D:11     | Reached ***** piety under Okawaru
 14562 | D:11     | Received a gift from Okawaru
 15067 | D:12     | Noticed a cyan ugly thing
 15087 | D:12     | Received a gift from Okawaru
 15118 | D:12     | Killed a cyan ugly thing
 15312 | D:12     | Noticed a green ugly thing
 15351 | D:12     | Killed a green ugly thing
 15351 | D:12     | Received a gift from Okawaru
 15657 | D:12     | Received a gift from Okawaru
 15718 | D:12     | Noticed a green ugly thing
 15771 | D:12     | Killed a green ugly thing
 15867 | D:12     | Reached XP level 12. HP: 113/113 MP: 17/17
 15964 | D:12     | Found Avoafa's Antique Weapon Shop.
 16105 | D:12     | Noticed a two-headed ogre
 16130 | D:12     | Killed a two-headed ogre
 16326 | D:12     | Received a gift from Okawaru
 16897 | D:13     | Received a gift from Okawaru
 17016 | D:13     | Found a flagged portal.
 17051 | Bailey   | Entered a bailey
 17449 | Bailey   | Identified a scroll of acquirement
 17950 | D:13     | Noticed a vault guard
 17952 | D:13     | Noticed a vault guard
 17994 | D:13     | Killed a vault guard
 18025 | D:13     | Killed a vault guard
 18025 | D:13     | Reached ****** piety under Okawaru
 18025 | D:13     | Received a gift from Okawaru
 18048 | D:13     | Killed a vault guard
 18076 | D:13     | Reached skill level 15 in Bows
 18097 | D:13     | Noticed a vault guard
 18127 | D:13     | Killed a vault guard
 18163 | D:13     | Found a gate to the Vaults.
 18253 | D:13     | Noticed a two-headed ogre
 18260 | D:13     | Killed a two-headed ogre
 18489 | Lair:1   | Entered Level 1 of the Lair of Beasts
 18531 | Lair:1   | Noticed a five-headed hydra
 18537 | Lair:1   | Killed a five-headed hydra
 18537 | Lair:1   | Reached skill level 16 in Bows
 18795 | Lair:1   | Received a gift from Okawaru
 18795 | Lair:1   | Reached XP level 13. HP: 86/125 MP: 18/18
 19213 | Lair:1   | Noticed Nergalle
 19222 | Lair:1   | Killed Nergalle
 19222 | Lair:1   | Reached skill level 17 in Bows
 19235 | Lair:1   | You fall through a shaft!
 20269 | Lair:2   | Found a staircase to the Shoals.
 20410 | Lair:3   | Noticed Sonja
 20412 | Lair:3   | Killed Sonja
 20494 | Lair:3   | Reached skill level 18 in Bows
 20519 | Lair:3   | Received a gift from Okawaru
 21189 | Lair:3   | Reached skill level 19 in Bows
 22207 | Lair:4   | Received a gift from Okawaru
 22482 | Lair:4   | Found a staircase to the Snake Pit.
 22607 | Lair:4   | Reached skill level 20 in Bows
 22767 | Lair:4   | Reached skill level 15 in Fighting
 22873 | Lair:4   | Reached XP level 14. HP: 135/135 MP: 19/19
 22978 | Lair:4   | Received a gift from Okawaru
 23561 | Lair:5   | Found a transporter.
 23871 | Lair:5   | Noticed Ruewk's ghost (journeyman CeAM)
 23900 | Lair:5   | Found a transporter.
 23943 | Lair:6   | Entered Level 6 of the Lair of Beasts
 23991 | Lair:5   | Received a gift from Okawaru
 24092 | Lair:5   | Found a staircase to the Slime Pits.
 26144 | Orc:1    | Entered Level 1 of the Orcish Mines
 26516 | Orc:1    | Found a roughly hewn altar of Beogh.
 27001 | Orc:2    | Entered Level 2 of the Orcish Mines
 27070 | Orc:2    | Reached skill level 5 in Dodging
 27072 | Orc:2    | Found Xiut Omi's Antique Armour Emporium.
 27080 | Orc:2    | Received a gift from Okawaru
 27270 | Orc:2    | Bought a bloodstained leather armour for 210 gold pieces
 27280 | Orc:2    | Identified the +3 leather armour "Vedajes" {rF++ rN+} (You
                  | bought it in a shop on level 2 of the Orcish Mines)
 27291 | Orc:2    | Noticed an orc warlord
 27369 | Orc:1    | Killed an orc warlord
 27369 | Orc:1    | Reached skill level 5 in Armour
 27647 | Orc:2    | Found Axigub's General Store.
 27662 | Orc:2    | Bought a scroll of enchant weapon for 105 gold pieces
 27870 | Orc:2    | Found a transporter.
 27876 | Orc:2    | Noticed totalnoob's ghost (journeyman GrFi)
 27895 | Orc:2    | Noticed an orc warlord
 27918 | Orc:2    | Killed an orc warlord
 27918 | Orc:2    | Reached XP level 15. HP: 138/147 MP: 14/20
 28001 | Orc:2    | Found Ziwokaf's Book Shop.
 28083 | Orc:2    | Found a transporter.
 28112 | Orc:2    | Found Huijov's Antique Weapon Shoppe.
 28159 | Orc:2    | Found a staircase to the Elven Halls.
 28269 | Orc:2    | Killed totalnoob's ghost
 28290 | Orc:2    | Gained mutation: You tend to lose your temper in combat. [a
                  | neqoxec]
 28310 | Orc:2    | Got the ring "Maqubb" {Dex+2}
 28323 | Orc:2    | Identified the ring "Maqubb" {rC+ Str+5 Dex+2 Slay-3
                  | Stlth+} (You found it on level 2 of the Orcish Mines)
 29260 | D:15     | Entered Level 15 of the Dungeon
 29407 | D:15     | Received a gift from Okawaru
 29713 | D:15     | Found a gateway to a bazaar.
 29721 | Bazaar   | Entered a bazaar
 29722 | Bazaar   | Found Tagg's Book Emporium.
 29736 | Bazaar   | Found Ymelueti's Jewellery Boutique.
 29742 | Bazaar   | Bought a +2 amulet of reflection for 105 gold pieces
 29747 | Bazaar   | Found Siaqeisch's Armour Shop.
 29752 | Bazaar   | Found Ogibidyo's Book Shoppe.
 29755 | Bazaar   | Found Zaapp's Book Shop.
 29773 | Bazaar   | Bought a Necronomicon for 1324 gold pieces
 29869 | D:15     | Found a shadowy altar of Dithmenos.
 30008 | D:15     | Identified Roxanne's Incunabulum of Transmigration
 30008 | D:15     | Noticed Roxanne
 30037 | D:15     | Killed Roxanne
 30172 | D:15     | Found a runed translucent door.
 30172 | D:15     | Found a shimmering altar of Xom.
 30172 | D:15     | Noticed HEYYEYAAE's ghost (adept OpHu)
 30264 | D:15     | Found a staircase to the Depths.
 31653 | Snake:1  | Entered Level 1 of the Snake Pit
 32161 | Snake:1  | Noticed Aizul
 32188 | Snake:1  | Killed Aizul
 32820 | Snake:2  | Received a gift from Okawaru
 32951 | Snake:2  | Reached XP level 16. HP: 147/155 MP: 21/21
 33032 | Snake:2  | Found Burearyeri's Armour Boutique.
 33041 | Snake:2  | Bought +2 fire dragon scales for 1008 gold pieces
 33080 | Snake:2  | Got a coiled bone ring
 33081 | Snake:2  | Identified the ring of Vaasyb {*Corrode rC+ Int+4 Dex+4
                  | Stlth+} (You acquired it on level 2 of the Snake Pit)
 33085 | Snake:2  | Got a crude lapis lazuli ring
 33086 | Snake:2  | Identified the ring of Emnuc {rN+ Str+2} (You acquired it
                  | on level 2 of the Snake Pit)
 33114 | Snake:2  | Noticed Donald
 33140 | Snake:2  | Killed Donald
 33487 | Snake:2  | Received a gift from Okawaru
 33746 | Snake:2  | Got a steaming leather armour
 33747 | Snake:2  | Identified the +0 leather armour of the Valley {+Blink
                  | Int+3} (You found it on level 2 of the Snake Pit)
 33974 | Snake:2  | Reached skill level 10 in Armour
 34282 | Snake:3  | Noticed Bai Suzhen
 34330 | Snake:3  | Killed Bai Suzhen
 34330 | Snake:3  | Received a gift from Okawaru
 35523 | Snake:3  | Noticed Vashnia
 35606 | Snake:3  | Killed Vashnia
 35606 | Snake:3  | Received a gift from Okawaru
 35606 | Snake:3  | Reached skill level 21 in Bows
 36931 | Snake:4  | Entered Level 4 of the Snake Pit
 36976 | Snake:4  | Found Weblaota's Weapon Shop.
 37743 | Snake:4  | Reached XP level 17. HP: 138/163 MP: 22/22
 38086 | Snake:4  | Reached skill level 22 in Bows
 38409 | Snake:4  | Received a gift from Okawaru
 38422 | Snake:4  | Received a gift from Okawaru
 39291 | Snake:4  | Reached skill level 23 in Bows
 39996 | Snake:4  | Got a serpentine rune of Zot
 40575 | Shoals:1 | Entered Level 1 of the Shoals
 40625 | Shoals:1 | Received a gift from Okawaru
 40744 | Shoals:2 | Found a runed translucent door.
 40745 | Shoals:2 | Found a shimmering altar of Xom.
 40745 | Shoals:2 | Noticed grocchini's ghost (adept VSFi)
 41013 | Shoals:2 | Received a gift from Okawaru
 41014 | Shoals:2 | Got a twisted shortbow {god gift}
 41018 | Shoals:2 | Identified the +7 shortbow of Rubbish {velocity, rElec
                  | Dex+6} (Okawaru gifted it to you on level 2 of the Shoals)
 41038 | Shoals:2 | Noticed Kirke
 41048 | Shoals:2 | Killed Kirke
 41288 | Shoals:2 | Noticed Louise
 41700 | Shoals:2 | Cast into level 3 of the Abyss (Louise)
 41794 | Abyss:3  | Found a corrupted altar of Lugonu.
 41910 | Abyss:3  | Found an ancient bone altar of Kikubaaqudgha.
 41910 | Abyss:3  | Found a stormy altar of Qazlal.
 41910 | Abyss:3  | Found a white marble altar of Elyvilon.
 41910 | Abyss:3  | Found a deep blue altar of Sif Muna.
 41910 | Abyss:3  | Found a sparkling altar of Nemelex Xobeh.
 41910 | Abyss:3  | Found a glowing silver altar of Zin.
 41910 | Abyss:3  | Found a basalt altar of Yredelemnul.
 41910 | Abyss:3  | Found a radiant altar of Vehumet.
 41910 | Abyss:3  | Found a snail-covered altar of Cheibriados.
 41910 | Abyss:3  | Found an opulent altar of Gozag.
 41910 | Abyss:3  | Found a glowing golden altar of the Shining One.
 41910 | Abyss:3  | Found a burning altar of Makhleb.
 41910 | Abyss:3  | Found a blossoming altar of Fedhas.
 41910 | Abyss:3  | Found an ornate altar of the Wu Jian Council.
 41910 | Abyss:3  | Found a bloodstained altar of Trog.
 41910 | Abyss:3  | Found a shattered altar of Ashenzari.
 41910 | Abyss:3  | Found a hide-covered altar of Uskayaw.
 41910 | Abyss:3  | Found an ancient bone altar of Kikubaaqudgha.
 41910 | Abyss:3  | Found a shadowy altar of Dithmenos.
 41910 | Abyss:3  | Found a shimmering altar of Xom.
 41910 | Abyss:3  | Found an iron altar of Okawaru.
 42273 | Abyss:3  | Paralysed by accursed screaming for 2 turns
 42282 | Abyss:3  | Found a glowing silver altar of Zin.
 42284 | Abyss:3  | Found a radiant altar of Vehumet.
 42284 | Abyss:3  | Found a stormy altar of Qazlal.
 42286 | Abyss:3  | Found an opulent altar of Gozag.
 42286 | Abyss:3  | Found a deep blue altar of Sif Muna.
 42287 | Abyss:3  | Found a bloodstained altar of Trog.
 42287 | Abyss:3  | Found a hide-covered altar of Uskayaw.
 42287 | Abyss:3  | Found an iron altar of Okawaru.
 42288 | Abyss:3  | Found a blossoming altar of Fedhas.
 42299 | Abyss:3  | Found a shattered altar of Ashenzari.
 42299 | Abyss:3  | Found a white marble altar of Elyvilon.
 42302 | Abyss:3  | Found an ornate altar of the Wu Jian Council.
 42302 | Abyss:3  | Found a basalt altar of Yredelemnul.
 42302 | Abyss:3  | Found a shimmering altar of Xom.
 42302 | Abyss:3  | Found an ancient bone altar of Kikubaaqudgha.
 42304 | Abyss:3  | Found a glowing golden altar of the Shining One.
 42304 | Abyss:3  | Found an ancient bone altar of Kikubaaqudgha.
 42304 | Abyss:3  | Found a sparkling altar of Nemelex Xobeh.
 42347 | Abyss:3  | Slain by a large abomination

Skill      XL: |  1  2  3  4  5  6  7  8  9 10 11 12 13 14 15 16 17 |
---------------+----------------------------------------------------+-----
Bows           | 6 7 8 10 11 13 14 16 20 21 23 | 23.4
Fighting       | 3 4 5 6 8 9 10 12 14 15 17 18 | 18.8
Armour         | 2 3 5 9 10 | 10.1
Dodging        | 2 4 5 8 |  8.1
Invocations    | 2 6 7 8 |  8.6
Stealth        | |  0.4

Action                   |  1- 3 |  4- 6 |  7- 9 | 10-12 | 13-15 | 16-18 || total
-------------------------+-------+-------+-------+-------+-------+-------++-------
Melee: Short sword       |   182 |    83 |       |       |       |       ||   265
       Kick              |    22 |    30 |    22 |       |       |       ||    74
       Flail             |       |    75 |   141 |       |       |       ||   216
       Longbow           |       |       |       |       |     1 |       ||     1
 Fire: Shortbow          |       |   110 |   422 |  1137 |       |    85 ||  1754
       Longbow           |       |       |       |    86 |  1469 |   981 ||  2536
Invok: Heroism           |       |       |       |     4 |       |       ||     4
       Finesse           |       |       |       |     2 |     7 |     3 ||    12
  Use: Scroll            |       |     7 |     1 |    14 |    14 |    21 ||    57
       Potion            |       |     1 |       |       |       |     6 ||     7
 Stab: Sleeping          |     2 |     3 |       |       |       |       ||     5
  Eat: Chunk             |     1 |     5 |     7 |    15 |    15 |     2 ||    45
       Ration            |     1 |       |     2 |     2 |     5 |     7 ||    17
Armor: Leather armour    |    60 |    83 |   113 |       |   111 |       ||   367
       Skin              |       |       |     4 |       |       |       ||     4
       Robe              |       |       |       |     9 |       |       ||     9
       Troll leather arm |       |       |       |    58 |   101 |       ||   159
       Pearl dragon scal |       |       |       |       |       |   465 ||   465
Dodge: Dodged            |   104 |    65 |   109 |    76 |   157 |   197 ||   708
Block: Other             |       |       |       |       |       |    24 ||    24
       Reflection        |       |       |       |       |       |     1 ||     1
